[Event "*** Titled Tuesday Blitz"]
[Site "Chess.com"]
[Date "2019.09.03"]
[Round "7"]
[White "plumalka"]
[Black "NemtsevIgor"]
[Result "1-0"]
[WhiteElo "2232"]
[BlackElo "2300"]
[TimeControl "180+2"]
[EndTime "16:38:49 PDT"]
[Termination "plumalka won by checkmate"]

1. e4 c6 2. d4 d5 3. e5 c5 4. dxc5 Nc6 5. Nf3 Bg4 6. Bb5 Qa5+ 7. Nc3 e6 8. O-O Bxc5 9. h3 Bxf3 10. Qxf3 Ne7 11. Qg3 Nf5 12. Qg4 h5 13. Qg5 Be7 14. Qf4 g5 15. Qd2 g4 16. Bxc6+ bxc6 17. Ne4 Qxd2 18. Nxd2 gxh3 19. gxh3 Kd7 20. Rd1 Rhg8+ 21. Kf1 Nh4 22. Ne4 Kc7 23. Ng3 Nf3 24. Nxh5 Rh8 25.
Ng3 Nxe5 26. Bf4 Bd6 27. Rac1 Rxh3 28. c4 Ng6 29. Bxd6+ Kxd6 30. c5+ Kc7 31. Ke2 Nf4+ 32. Kf3 e5 33. Kg4 Rah8 34. Kf5 f6 35. Kxf6 e4 36.
Rc3 Nd3 37. Rdxd3 exd3 38. Rxd3 Rf8+ 39. Ke5 Rxf2 40. Ra3 Rg2 41. Kf4 a5 42. Kg4 Rh8 43. Kf3 Rxb2 44. Rxa5 Kb7 45. Ra3 Re8 46. Nf5 Rb1 47.
Nd6+ Kb8 48. Nxe8 Rc1 49. Ra5 Kb7 50. Nd6+ Kc7 51. Ke3 Rc3+ 52. Kd4 Rc1 53. Ra3 Rd1+ 54. Rd3 Ra1 55. a3 Rc1 56. Rb3 Rd1+ 57. Kc3 Rc1+ 58.
Kb4 Rh1 59. a4 Rh4+ 60. Ka3 d4 61. a5 Rh5 62. Kb4 Rh4 63. Rd3 Kb8 64. Nf5 Rh1 65.
Nxd4 Ka7 66. Nxc6+ Ka6 67. Nd4 Rb1+ 68. Nb3 Rh1 69.
Rd6+ Kb7 70. a6+ Ka7 71. Nd4 Rb1+ 72. Kc4 Rc1+ 73. Kd5 Ra1 74. Nb5+ Kb8 75. Kc6 Rxa6+ 76. Kd5 Ra1 77. c6 Rd1+ 78. Kc5 Rc1+ 79. Kb6 Rxc6+ 80. Rxc6 Ka8 81. Rc8# 1-0

[Event "*** Titled Tuesday Blitz"]
[Site "Chess.com"]
[Date "2019.09.03"]
[Round "7"]
[White "HarryCun"]
[Black "Renier07"]
[Result "1/2-1/2"]
[WhiteElo "2140"]
[BlackElo "2594"]
[TimeControl "180+2"]
[EndTime "16:38:58 PDT"]
[Termination "Game drawn by repetition"]

1. d4 Nf6 2. c4 e6 3. Nf3 b6 4. g3 Bb7 5. Bg2 Be7 6. O-O O-O 7. Nc3 Ne4 8. Qc2 Nxc3 9. Qxc3 Be4 10. b3 Bf6 11.
Bb2 d6 12. Ne1 Bxg2 13. Nxg2 c5 14. Qf3 Nd7 15. Rad1 Qc7 16. e4 a5 17. a4 Rad8 18.
Nf4 cxd4 19. Bxd4 Bxd4 20. Rxd4 Ne5 21. Qe2 Nc6 22. Rd2 e5 23. Nd5 Qb7 24. Qe3 Nd4 25. Kg2 h6 26. h4 Kh8 27. g4 f6 28.
Rh1 Rb8 29. Rd3 Ne6 30. Kf1 Kg8 31. Qd2 Nc5 32. Re3 Ne6 33. Rg3 Rbc8 34. Qe3 Rc5 35. Rf3 Re8 36. Rg3 Qa6 37. Kg2 Qb7 38. Kf1 Nf4 39. g5 fxg5 40. hxg5 h5 41. g6 Rf8 42. Rg5 Rxd5 43. exd5 Qe7 44. Rgxh5 Nxg6 45. Qe4 Qf6 46. R1h2 Nf4 47. Rh8+ Kf7 48. Rxf8+ Kxf8 49. Ke1 Ke7 50.
Rh7 Kf7 51. Kd2 Ng6 52. Rh2 Qg5+ 53. Qe3 Qg1 54. Rh3 Qb1 55. Rf3+ Kg8 56. Qd3 Qb2+ 57. Ke3 Nf4 58. Rxf4 exf4+ 59. Kxf4 Qe5+ 60. Kf3 Qf6+ 61. Ke3 Qe5+ 62. Qe4 Qc3+ 63. Qd3 Qe5+ 64. Kf3 Qf6+ 65. Kg2 Qg5+ 66. Qg3 Qf6 67. Qg4 Kf7 68. Qd7+ Kg6 69.
Qg4+ Kf7 70. Qd7+ Kg6 71. Qe8+ Kg5 72. Qe3+ Qf4 73. Qe7+ Qf6 74. Qe3+ Qf4 75. Qe7+ Qf6 76. Qe3+ 1/2-1/2

[Event "*** Titled Tuesday Blitz"]
[Site "Chess.com"]
[Date "2019.09.03"]
[Round "7"]
[White "NicoChasin"]
[Black "TomPolgar"]
[Result "0-1"]
[WhiteElo "2472"]
[BlackElo "2373"]
[TimeControl "180+2"]
[EndTime "16:39:13 PDT"]
[Termination "TomPolgar won by checkmate"]

1. e4 c5 2. Nf3 Nc6 3. d4 cxd4 4. Nxd4 g6 5. Nxc6 bxc6 6. Nc3 Bg7 7. Bc4 d6 8. O-O Nf6 9. e5 dxe5 10. Qe2 O-O 11. Bg5 Nd5 12. Ne4 h6 13. Bh4 f5 14.
Nc3 g5 15. Rad1 e6 16. Bg3 f4 17. Ne4 fxg3 18. hxg3 Qe7 19. Bb3 a5 20. c4 Nf6 21.
Nd6 Rd8 22. c5 Ba6 23. Qxe5 Nd5 24. Qe4 Bxf1 25. Rxf1 Rxd6 26. cxd6 Qxd6 27. Bc2 Nf6 28. Qe2 Re8 29. Rd1 Qe7 30. Bb3 Nd5 31. Rc1 Qd6 32. Qe4 Rf8 33. Bc2 Nf6 34. Qc4 Qd5 35. Qe2 Qd4 36.
Qxe6+ Kh8 37. Qe2 Ng4 38. Rf1 Qxb2 39. Qd3 Nf6 40. f4 Qb6+ 41. Kh1 g4 42. Re1 Qd8 43. Qf5 Qd2 44. Rf1 Qd5 45. Qg6 Qh5+ 46. Qxh5 Nxh5 47. Kh2 Rd8 48. Bf5 Nf6 49. Rc1 Rd6 50. a4 Kg8 51. Rc5 Rd5 52. Be6+ Kf8 53. Bxd5 Nxd5 54. Rxa5 Bd4 55.
Ra8+ Ke7 56. a5 Nc7 57. Rg8 h5 58. Rg5 c5 59. Rxh5 c4 60. Rh7+ Kd6 61. a6 Nxa6 62.
Rh6+ Kd5 63. Rxa6 c3 64. Ra2 Kc4 65. Ra4+ Kd3 66. Ra3 Kd2 67. Ra4 Be3 68. f5 c2 69.
Rc4 c1=Q 70. Rxc1 Kxc1 71. f6 Bc5 72. f7 Kd2 73. Kh1 Ke2 74. Kh2 Kf2 75. Kh1 Kxg3 76.
f8=Q Bxf8 77. Kg1 Bh6 78. Kh1 Kf2 79. Kh2 Bf4+ 80. Kh1 Be5 81. g3 Kxg3 82. Kg1 Kh3 83. Kh1 g3 84. Kg1 Bd4+ 85. Kh1 g2# 0-1

[Event "*** Titled Tuesday Blitz"]
[Site "Chess.com"]
[Date "2019.09.03"]
[Round "7"]
[White "chessdjw"]
[Black "MartinMatthiesen"]
[Result "1/2-1/2"]
[WhiteElo "2681"]
[BlackElo "2478"]
[TimeControl "180+2"]
[EndTime "16:39:41 PDT"]
[Termination "Game drawn - insufficient material"]

1. d4 Nf6 2. c4 g6 3. g3 Bg7 4. Bg2 O-O 5. Nf3 d6 6. O-O c5 7. Nc3 Nc6 8. d5 Na5 9. Nd2 a6 10. Rb1 Rb8 11. b3 b5 12. Qc2 Bf5 13. e4 Bd7 14. h3 e5 15. Kh2 Nh5 16. Bf3 Qc8 17.
h4 Nf6 18. Nd1 Ng4+ 19. Kg2 f5 20. Bxg4 fxg4 21. Ne3 Bh6 22. Bb2 Qc7 23. Qc3 b4 24.
Qd3 Nb7 25. f3 gxf3+ 26. Nxf3 Rf6 27. Ng5 Rbf8 28. Qe2 Qd8 29. Rxf6 Qxf6 30. Rf1 Qe7 31. Rxf8+ Qxf8 32. Ng4 Bg7 33. Bc1 Nd8 34. Nh3 Nf7 35. Nhf2 h5 36. Nh2 Qe7 37. Nf3 Nh6 38. Ng5 Ng4 39. Nxg4 Bxg4 40. Qf1 a5 41. Be3 Bf6 42. Nh3 Kg7 43. Nf2 Bc8 44. Qc1 Kh7 45. Bg5 Qf7 46.
Qe3 Bg7 47. Nd3 Qd7 48. Nf2 Qf7 49. Bd8 Bh6 50. Qe2 Qd7 51. Bxa5 Qf7 52. Bd8 Qf8 53. Bg5 Bxg5 54. hxg5 Qe7 55. Qd2 Qa7 56. Qb2 Qd7 57. a3 bxa3 58. Qxa3 Qe7 59. b4 cxb4 60. Qxb4 Qxg5 61.
Qxd6 Bg4 62. Qc7+ Kh6 63. Qb8 Kg7 64. c5 Be2 65. c6 h4 66. Qa7+ Kh6 67. Qa3 Bb5 68.
Qc3 Qd8 69. Ng4+ Kg5 70. Qxe5+ Kxg4 71. Qf4+ Kh5 72. Qxh4+ Qxh4 73. gxh4 Kxh4 74. e5 Kg5 75. e6 Kf6 76. c7 Ba6 77. Kf3 Ke7 78. Kf4 Kd6 79. Kg5 Kxc7 80. Kxg6 Kd6 81. Kf7 Kxd5 82. e7 Bb5 83. e8=Q Bxe8+ 1/2-1/2

[Event "*** Titled Tuesday Blitz"]
[Site "Chess.com"]
[Date "2019.09.03"]
[Round "7"]
[White "johnathan113"]
[Black "gena217"]
[Result "1/2-1/2"]
[WhiteElo "2783"]
[BlackElo "2915"]
[TimeControl "180+2"]
[EndTime "16:39:52 PDT"]
[Termination "Game drawn by repetition"]

1. e4 c6 2. d4 d5 3. exd5 cxd5 4.
c4 Nf6 5. Nc3 e6 6. c5 Be7 7. Nf3 O-O 8. Bd3 b6 9. b4 a5 10. Na4 Nfd7 11. a3 axb4 12. axb4 bxc5 13. bxc5 Nc6 14. O-O Bf6 15. Bb2 e5 16. dxe5 Ndxe5 17. Nxe5 Nxe5 18. Bxe5 Bxe5 19. Bxh7+ Kxh7 20. Qh5+ Kg8 21. Qxe5 Re8 22. Qd6 Qxd6 23. cxd6 Ra6 24. d7 Bxd7 25. Nc5 Rxa1 26. Rxa1 Bf5 27. f3 Re2 28. Rd1 Be6 29. Nd3 g5 30. Nb4 Kg7 31. h3 Rb2 32.
Nxd5 Bxd5 33. Rxd5 Kg6 34. Kh2 f6 35. Kg3 Ra2 36. Rb5 Rc2 37. Ra5 Rb2 38. Ra4 Rc2 39.
h4 gxh4+ 40. Rxh4 Ra2 41. Rb4 Kg5 42. Rb5+ Kg6 43. Kh3 Rf2 44. Ra5 Kh6 45. Ra3 Kg5 46. g3 Rb2 47. Ra5+ Kg6 48. Kg4 Rb3 49. Rc5 Ra3 50. Rb5 Rc3 51. f4 f5+ 52. Kh4 Rc6 53. Rb3 Ra6 54. Rb8 Rc6 55. Rg8+ Kf7 56. Ra8 Kg6 57. Rb8 Ra6 58. Rg8+ Kf7 59. Rg5 Kf6 60. Rh5 Kg6 61. Rg5+ Kf6 62. Kh5 Ra3 63. Rg6+ Kf7 64. Kh6 Rb3 65. Rg7+ Kf6 66. Rg6+ Kf7 67. Rg5 Kf6 68. Kh7 Rb7+ 69. Kh6 Rb3 70. Rg7 Ra3 71.
Rg6+ Kf7 72. Kh5 Rb3 73. Rg5 Kf6 74. Rg8 Kf7 75. Rg5 Kf6 76. Kh4 Ra3 77. Rh5 Kg6 78.
Rg5+ Kf6 79. Rg8 Kf7 80. Rb8 Kg6 81. Rb6+ Kg7 82. Rc6 Kf7 83. Kh3 Kg7 84. Kg2 Kf7 85. Kh3 Kg7 86. Rb6 Kf7 87. Kh4 Kg7 88. Rb5 Kg6 89. Rb6+ Kg7 1/2-1/2

[Event "*** Titled Tuesday Blitz"]
[Site "Chess.com"]
[Date "2019.09.03"]
[Round "7"]
[White "nitpicker"]
[Black "MasterKroket"]
[Result "1-0"]
[WhiteElo "2249"]
[BlackElo "2400"]
[TimeControl "180+2"]
[EndTime "16:40:19 PDT"]
[Termination "nitpicker won by resignation"]

1. d4 Nf6 2. c4 e6 3. g3 Bb4+ 4. Bd2 Qe7 5. Bg2 O-O 6. Nf3 Nc6 7. a3 Bxd2+ 8. Nbxd2 e5 9. d5 Nb8 10. e4 a5 11. O-O d6 12. Ne1 Na6 13. Nd3 b6 14.
b4 Bd7 15. Qc2 Rac8 16. Rfc1 c6 17. dxc6 Bxc6 18. Qb3 Ba8 19. f3 Qc7 20. Bf1 Nd7 21. Nb2 Kh8 22. Rd1 f5 23. c5 Naxc5 24. bxc5 Nxc5 25.
Qe3 fxe4 26. fxe4 Qf7 27. Bh3 Rcd8 28. Rf1 Qh5 29. Bg2 Bb7 30. Ndc4 Ba6 31. Rxf8+ Rxf8 32. Nxd6 Rf6 33. Nbc4 h6 34. h3 b5 35. Qxc5 bxc4 36.
Nxc4 Qe2 37. Bf1 Qf3 38. Qe3 Qh5 39. h4 Qg6 40. Kh2 Qe8 41. Bd3 Rc6 42. Nd2 Rd6 43. Bxa6 Rxa6 44. Rf1 Rd6 45. Nf3 Qe6 46. Qc5 Rb6 47.
Rf2 Rb1 48. Qxe5 Qb3 49. Qe8+ Kh7 50. Qe5 Qd1 51. Kh3 Qh1+ 52. Nh2 Rb3 53. Qf5+ Kg8 54. h5 Rb8 55. Qf7+ Kh7 56. e5 Qd1 57. e6 Qd5 58. Qg6+ Kh8 59. e7 Qd7+ 60. Qf5 Qxe7 61. g4 Qxa3+ 62. Nf3 Qe7 63. Qf4 Rf8 64. Qg3 Qe3 65.
Nh4 Qxf2 66. Ng6+ Kh7 67. Nxf8+ Qxf8 68. Qd3+ Kh8 69. Qb5 Qd8 70. Qa4 Qd3+ 71. Kh4 Qd8+ 72. Kg3 Qc7+ 73. Kf3 Qb7+ 74. Kg3 Qb8+ 75. Kf3 Qa8+ 76. Kg3 Kg8 77. Qb3+ Kf8 78. Qa3+ Kf7 79. Qb3+ Ke7 80. Qa3+ Kd7 81. Qa4+ Kc7 82. Kf4 Qa6 83. Kg3 Qd6+ 84. Kh3 Kb6 85. Qb3+ Qb4 86. Qe6+ Kb5 87. Qd7+ Kc4 88. Qe6+ Kc3 89. Qe5+ Kb3 90. Qxg7 Qc3+ 91. Qxc3+ Kxc3 92. g5 1-0

[Event "*** Titled Tuesday Blitz"]
[Site "Chess.com"]
[Date "2019.09.03"]
[Round "7"]
[White "grzechu96"]
[Black "VladDobrov"]
[Result "0-1"]
[WhiteElo "2594"]
[BlackElo "2877"]
[TimeControl "180+2"]
[EndTime "16:44:04 PDT"]
[Termination "VladDobrov won by resignation"]

1. e4 c5 2. Nf3 Nc6 3. Bb5 e6 4. O-O Nge7 5. d4 cxd4 6. Nxd4 Ng6 7. Be3 Be7 8. Be2 O-O 9. c4 b6 10. Nc3 Bb7 11. Qd2 Nxd4 12. Bxd4 f5 13. exf5 Nh4 14. f3 Nxf5 15. Bf2 Bg5 16. Qd3 Qe7 17. Rad1 Rad8 18.
Ne4 Bh6 19. Nd6 Bc6 20. Nxf5 Rxf5 21. Qd6 Qe8 22. Bd3 Rf8 23. Rfe1 Bf4 24. Qd4 Qh5 25. Bg3 Qg5 26. Bxf4 Rxf4 27. Qe5 Qh6 28. Be4 Bxe4 29. Rxe4 Rxe4 30. Qxe4 Qf6 31. Rd2 Qg5 32. Rd1 Qc5+ 33.
Kh1 Qb4 34. b3 Qa3 35. Qe2 h6 36. h3 Kf7 37. Kh2 a5 38. Qf2 Qc5 39. Qg3 a4 40.
Qf4+ Ke7 41. bxa4 Ra8 42. Qd2 Qc7+ 43. f4 Rxa4 44. Qd4 Kf8 45. Qxd7 Qxf4+ 46. Kg1 Rxc4 47. Rf1 Rc1 48. Rxc1 Qxc1+ 49. Kh2 Qf4+ 50. Kh1 Qe3 51. a4 Kg8 52. Kh2 Kh7 53. Kh1 h5 54. Kh2 h4 55.
Kh1 Kh6 56. Kh2 g6 57. Qe7 Qf4+ 58. Kh1 Qxa4 59. Qxe6 Qd1+ 60. Kh2 Qd4 61. Qe7 b5 62. Qe8 b4 63. Qf8+ Kh5 64. Qf3+ Kg5 65. Qb3 Qf4+ 66.
Kh1 Qc1+ 67. Kh2 Qc7+ 68. Kh1 Qc5 69. Kh2 Qe5+ 70. Kh1 Qd4 71. Qc2 Kf4 72. Qc1+ Ke5 73. Qg5+ Kd6 74. Qxg6+ Kc5 75. Qf5+ Kc4 76. Qc2+ Kb5 77.
Qf5+ Ka4 78. Qf1 b3 79. Qa6+ Kb4 80. Qb7+ Kc3 81. Qc7+ Kd2 82. Qa5+ Kc2 83. Qc7+ Kb1 84.
Qh7+ Kb2 85. Qf5 Qc4 86. Qf6+ Ka2 87. Qg7 b2 88. Qa7+ Kb1 89. Qh7+ Kc1 90. Qh6+ Kc2 91.
Qg6+ Qd3 92. Qc6+ Kd1 93. Qa4+ Kc1 94. Qc6+ Qc2 95. Qh6+ Kd1 96. Qh5+ Qe2 97. Qd5+ Ke1 98. Qa5+ Qd2 99. Qe5+ Kd1 100. Qh5+ Kc1 101. Qc5+ Qc2 102. Qg5+ Kb1 103. Qxh4 Qd1+ 104. Kh2 Qd6+ 105. Kh1 Kc2 106. Qc4+ Kd2 107. Qb3 Qe5 108. Qb4+ Kc2 109. Qc4+ Qc3 110. Qe2+ Kc1 111. Qf1+ Kd2 112. Qf2+ Kd3 113. Qf3+ Kc4 114. Qc6+ Kb3 115. Qb5+ Qb4 116. Qd3+ Ka2 117. Qd5+ Qb3 118. Qa5+ Kb1 119. h4 Qd3 120. Qe1+ Kc2 121. Qf2+ Kb3 122. Qb6+ Kc3 123. Qc5+ Qc4 124. Qe3+ Kc2 125. Qf2+ Kb3 126. Qe3+ Kb4 127. Qb6+ Qb5 128. Qd4+ Ka3 129. Qa7+ Kb3 130. Qe3+ Ka2 131. Qa7+ Kb1 132. Qg1+ Kc2 133. Qf2+ Kc3 134. Qe3+ Qd3 135. Qc5+ Kd2 136. Qf2+ Kc1 137. Qc5+ Kd1 138. Qg1+ Ke2 139. Kh2 b1=Q 140. Qc5 Qb8+ 0-1

[Event "*** Titled Tuesday Blitz"]
[Site "Chess.com"]
[Date "2019.09.03"]
[Round "8"]
[White "FontVella8"]
[Black "SelfishShellfish"]
[Result "0-1"]
[WhiteElo "2474"]
[BlackElo "2218"]
[TimeControl "180+2"]
[EndTime "16:45:34 PDT"]
[Termination "SelfishShellfish won by resignation"]

1. Nf3 d5 2. g3 Nf6 3. Bg2 c6 4. O-O Bf5 5. d3 h6 6. Nbd2 e6 7. Re1 Be7 8. c3 O-O 9. Qc2 Bh7 10. e4 a5 11. a4 Na6 12. Nf1 Nc5 13. N3d2 Qb6 14.
Rb1 Qa6 15. Re3 Ng4 16. Rf3 Ne5 17. d4 Nxf3+ 0-1

[Event "*** Titled Tuesday Blitz"]
[Site "Chess.com"]
[Date "2019.09.03"]
[Round "8"]
[White "r31415"]
[Black "Svet99"]
[Result "1-0"]
[WhiteElo "2369"]
[BlackElo "2156"]
[TimeControl "180+2"]
[EndTime "16:46:58 PDT"]
[Termination "r31415 won by resignation"]

1. e4 c6 2. d4 d5 3. e5 Bf5 4. Nf3 e6 5. Be2 Nd7 6. c3 Ne7 7. O-O c5 8. Be3 Nc6 9. Nbd2 Qb6 10. Qc1 Rc8 11. Nb3 Be7 12. dxc5 Nxc5 13. Nbd4 Nxd4 14. cxd4 O-O 15. dxc5 Bxc5 16. Bxc5 Rxc5 17. Qe3 Rfc8 18. Nd4 Bg6 19. Nb3 Rc2 20. Qxb6 axb6 21. Rac1 Rxc1 22. Rxc1 Rxc1+ 1-0

[Event "*** Titled Tuesday Blitz"]
[Site "Chess.com"]
[Date "2019.09.03"]
[Round "8"]
[White "Iyael"]
[Black "JussupowFan"]
[Result "0-1"]
[WhiteElo "2033"]
[BlackElo "2199"]
[TimeControl "180+2"]
[EndTime "16:47:47 PDT"]
[Termination "JussupowFan won by resignation"]

1. e4 c5 2. c3 Nf6 3. e5 Nd5 4.
d4 cxd4 5. Nf3 e6 6. cxd4 d6 7. a3 Be7 8. Bd3 b6 9. O-O Bb7 10. Nbd2 Nd7 11. Ne4 dxe5 12. dxe5 Rc8 13. Bd2 Qc7 14. Rc1 Qb8 15. Rxc8+ Qxc8 16. Qe2 Qb8 17. Ng3 O-O 18. Rc1 Rc8 19. Re1 Nf8 20. Bb1 Ng6 21. Ng5 Ndf4 22. Qg4 Bxg5 23. Qxg5 Nxg2 24. Qh5 Nxe1 0-1

[Event "*** Titled Tuesday Blitz"]
[Site "Chess.com"]
[Date "2019.09.03"]
[Round "8"]
[White "Kildepiotr"]
[Black "chessdjw"]
[Result "1-0"]
[WhiteElo "2534"]
[BlackElo "2669"]
[TimeControl "180+2"]
[EndTime "16:47:48 PDT"]
[Termination "Kildepiotr won by resignation"]

1. Nf3 g6 2. g3 Bg7 3. d4 f5 4.
Bg2 Nf6 5. O-O O-O 6. Nbd2 d6 7. c3 c6 8. Qc2 Qc7 9. e4 e5 10. dxe5 dxe5 11. Re1 Kh8 12. b4 fxe4 13. Nxe4 Nxe4 14. Qxe4 Bf5 15. Qh4 Nd7 16. Bh6 Bf6 17. Ng5 Rfe8 18.
Bg7+ 1-0

[Event "*** Titled Tuesday Blitz"]
[Site "Chess.com"]
[Date "2019.09.03"]
[Round "8"]
[White "MFguimaraes"]
[Black "Korchmar_Vasiliy"]
[Result "0-1"]
[WhiteElo "2291"]
[BlackElo "2668"]
[TimeControl "180+2"]
[EndTime "16:47:56 PDT"]
[Termination "Korchmar_Vasiliy won by resignation"]

1. e4 c5 2. Nf3 d6 3. d4 cxd4 4. Nxd4 Nf6 5. Nc3 Nc6 6. Be3 e5 7. Nf5 Bxf5 8. exf5 d5 9. Bg5 d4 10. Bxf6 Qxf6 11. Nd5 Qd8 12. Bc4 b5 13. Bb3 Na5 14. Qd3 a6 15. O-O Nxb3 16. Qxb3 Bd6 17. a4 Rb8 18. axb5 Rxb5 19. Qf3 O-O 20. c4 Rxb2 21. Rxa6 f6 22. Nxf6+ Rxf6 23. Qd5+ Kh8 24. c5 Bc7 25. Ra8 Rb8 26. Rfa1 Qxd5 0-1

[Event "*** Titled Tuesday Blitz"]
[Site "Chess.com"]
[Date "2019.09.03"]
[Round "8"]
[White "LastHeroJr"]
[Black "plumalka"]
[Result "0-1"]
[WhiteElo "2501"]
[BlackElo "2291"]
[TimeControl "180+2"]
[EndTime "16:48:04 PDT"]
[Termination "plumalka won by resignation"]

1. e4 c5 2. Nf3 d6 3. d4 cxd4 4. Nxd4 Nf6 5. Nc3 Bd7 6. Bg5 e6 7. Qd2 a6 8. O-O-O h6 9. Bh4 Nxe4 10. Nxe4 Qxh4 11. Nf3 Qxe4 12. Bd3 Qc6 13. Nd4 Qc7 14. f4 Nc6 15. Nf3 O-O-O 16. Kb1 d5 17. g3 Kb8 18. Rhe1 Bc5 19. Bf1 Rc8 20. h4 Rhd8 21. h5 Qa5 22.
c3 d4 23. cxd4 Bb4 0-1

[Event "*** Titled Tuesday Blitz"]
[Site "Chess.com"]
[Date "2019.09.03"]
[Round "8"]
[White "bascheyaro"]
[Black "platy3"]
[Result "1-0"]
[WhiteElo "2703"]
[BlackElo "2849"]
[TimeControl "180+2"]
[EndTime "16:48:17 PDT"]
[Termination "bascheyaro won by resignation"]

1. d4 Nf6 2. c4 g6 3. Nf3 Bg7 4. g3 O-O 5. Bg2 d6 6. O-O Nc6 7. b3 a5 8. Nc3 Bf5 9. Bb2 Qd7 10. d5 Nb4 11. a3 Bc2 12. Qc1 Bxb3 13. axb4 axb4 14. Rxa8 Rxa8 15. Nb1 b5 16. Nbd2 Ba2 17. Nd4 bxc4 18. Nxc4 Qa4 19. e4 Qa6 20. Ne3 Nd7 21. Nc6 1-0

[Event "*** Titled Tuesday Blitz"]
[Site "Chess.com"]
[Date "2019.09.03"]
[Round "8"]
[White "Kumi29"]
[Black "mortngabriel"]
[Result "1-0"]
[WhiteElo "2547"]
[BlackElo "2332"]
[TimeControl "180+2"]
[EndTime "16:48:22 PDT"]
[Termination "Kumi29 won by checkmate"]

1. d4 Nf6 2. Bg5 Ne4 3. h4 c5 4. d5 Qb6 5. Nd2 Nxd2 6. Bxd2 Qxb2 7. Nf3 d6 8. e4 Bg4 9. Rb1 Bxf3 10. gxf3 Qxa2 11.
Rxb7 a6 12. f4 Nd7 13. Rh3 e6 14. Rhb3 exd5 15. exd5 Be7 16. Bh3 O-O-O 17. Rb8+ Kc7 18. R3b7# 1-0

[Event "*** Titled Tuesday Blitz"]
[Site "Chess.com"]
[Date "2019.09.03"]
[Round "8"]
[White "2165149677570"]
[Black "tonyq11"]
[Result "1-0"]
[WhiteElo "2303"]
[BlackElo "2179"]
[TimeControl "180+2"]
[EndTime "16:48:22 PDT"]
[Termination "2165149677570 won by resignation"]

1. e4 e5 2. Nf3 Nc6 3. Bb5 a6 4. Ba4 Nf6 5. O-O Be7 6. Re1 b5 7. Bb3 d6 8. c3 O-O 9. h3 Na5 10. Bc2 c5 11. d4 Qc7 12. d5 Bd7 13. b3 c4 14. b4 Nb7 15. a4 a5 16. axb5 axb4 17.
Rxa8 Rxa8 18. cxb4 Bxb5 19. Nc3 Bd7 20. Be3 Bd8 21. Qb1 Qb8 22. Qb2 Nc5 23. Nxe5 Na4 24. Nxa4 Bxa4 25. Bxa4 dxe5 26. Bc6 Ra6 27. b5 Nxe4 28.
Qc2 Rxc6 29. dxc6 Nd6 30. b6 Bxb6 31. Rb1 1-0

[Event "*** Titled Tuesday Blitz"]
[Site "Chess.com"]
[Date "2019.09.03"]
[Round "8"]
[White "Renier07"]
[Black "MartinMatthiesen"]
[Result "1-0"]
[WhiteElo "2599"]
[BlackElo "2467"]
[TimeControl "180+2"]
[EndTime "16:48:38 PDT"]
[Termination "Renier07 won by resignation"]

1. d4 Nf6 2. c4 e6 3. Nf3 b6 4. g3 Ba6 5. Qa4 Bb7 6. Bg2 c5 7. dxc5 Bxc5 8. O-O O-O 9. Nc3 Na6 10. Bf4 Be7 11.
Rfd1 Nc5 12. Qc2 Nfe4 13. Ne5 Nxc3 14. Qxc3 Bxg2 15. Kxg2 Qc7 16. Nxd7 Qc6+ 17. Qf3 Rfc8 18. Qxc6 Rxc6 19. Nxc5 Rxc5 20. b3 a6 21. a4 Rac8 22.
Ra2 g5 23. Be3 R5c6 24. Rd7 Bf6 25. Rb7 1-0

[Event "*** Titled Tuesday Blitz"]
[Site "Chess.com"]
[Date "2019.09.03"]
[Round "8"]
[White "Gubajdullin"]
[Black "HarryCun"]
[Result "1-0"]
[WhiteElo "2594"]
[BlackElo "2139"]
[TimeControl "180+2"]
[EndTime "16:48:56 PDT"]
[Termination "Gubajdullin won by resignation"]

1. d4 Nf6 2. Bf4 e6 3. e3 b6 4. Nf3 Bb7 5. Be2 Be7 6. O-O O-O 7. h3 d6 8. a4 Nbd7 9. a5 c5 10. Nc3 Ne4 11. Nxe4 Bxe4 12. Nd2 Bc6 13. Nc4 Qc7 14. dxc5 Nxc5 15. Bxd6 Bxd6 16. Qxd6 Qxd6 17. Nxd6 Rfd8 18.
Nc4 b5 19. Ne5 Be4 20. Bxb5 Rab8 21. c4 a6 22. b4 Nb3 23. Bc6 Bxc6 24. Nxc6 Nxa1 25.
Rxa1 Kf8 26. b5 axb5 27. cxb5 Ke8 28. b6 Rdc8 29. Nxb8 Rxb8 30. a6 1-0

[Event "*** Titled Tuesday Blitz"]
[Site "Chess.com"]
[Date "2019.09.03"]
[Round "8"]
[White "Genghis_K"]
[Black "mitrabhaa"]
[Result "1-0"]
[WhiteElo "2860"]
[BlackElo "2658"]
[TimeControl "180+2"]
[EndTime "16:49:53 PDT"]
[Termination "Genghis_K won by resignation"]

1. e4 c6 2. Nf3 d5 3. e5 Bg4 4. d4 e6 5. c3 Ne7 6. Be3 Nd7 7. Nbd2 Nf5 8. Bd3 Nxe3 9. fxe3 Bh5 10.
O-O Be7 11. e4 Bg6 12. Qe2 Nb6 13. exd5 cxd5 14. Bxg6 hxg6 15. Rf2 Qd7 16. Raf1 O-O-O 17. Ne1 f5 18. exf6 gxf6 19. Nd3 Qd6 20. g3 Nd7 21. Nc5 Nxc5 22. dxc5 Qc6 23. b4 e5 24. Nb3 Kb8 25. Na5 Qc7 26. Qb5 a6 27. Qd3 e4 28. Qe2 f5 29. c6 b6 30. Qxa6 Rd6 31. c4 bxa5 32. bxa5 Qxc6 33. Rb1+ Kc7 34. Qa7+ Kd8 35. Rb8+ 1-0

[Event "*** Titled Tuesday Blitz"]
[Site "Chess.com"]
[Date "2019.09.03"]
[Round "8"]
[White "vinniethepooh"]
[Black "Morscas"]
[Result "1-0"]
[WhiteElo "2574"]
[BlackElo "2265"]
[TimeControl "180+2"]
[EndTime "16:49:54 PDT"]
[Termination "vinniethepooh won by resignation"]

1. d4 g6 2. c4 Bg7 3. Nc3 d6 4. Nf3 Nc6 5. d5 Ne5 6. Nxe5 Bxe5 7. e4 c5 8. Bd3 Bg7 9. O-O Nf6 10. f4 O-O 11. h3 e6 12. Be3 exd5 13. exd5 Re8 14. Bf2 Nh5 15. Qf3 Qf6 16. Rae1 Bd7 17. Be3 Qh4 18.
g4 Ng3 19. Bf2 Bd4 20. Kg2 Bxf2 21. Qxf2 h5 22. Qxg3 1-0

[Event "*** Titled Tuesday Blitz"]
[Site "Chess.com"]
[Date "2019.09.03"]
[Round "8"]
[White "riconaipe"]
[Black "AllStarShark"]
[Result "1-0"]
[WhiteElo "2555"]
[BlackElo "2349"]
[TimeControl "180+2"]
[EndTime "16:50:11 PDT"]
[Termination "riconaipe won by resignation"]

1. Nf3 d5 2. g3 c6 3. Bg2 Bg4 4. O-O e6 5. h3 Bh5 6. d4 Bd6 7. c4 Ne7 8. b3 Nd7 9. Bb2 O-O 10. Nbd2 f5 11. Ne5 Nxe5 12. dxe5 Bc5 13. cxd5 exd5 14.
Nf3 Bxf3 15. exf3 f4 16. Kh2 Ng6 17. Qe2 Qe7 18. Rfe1 Rae8 19. Qc2 Qg5 20. Qxc5 fxg3+ 21. fxg3 h5 22. Qe3 Qe7 23. e6 h4 24. g4 Qd6+ 25.
Be5 Qxe6 26. f4 Qd7 27. Qd4 Nxe5 28. Rxe5 Qf7 29. Rae1 c5 30. Qxd5 1-0

[Event "*** Titled Tuesday Blitz"]
[Site "Chess.com"]
[Date "2019.09.03"]
[Round "8"]
[White "Gentlejimmy7"]
[Black "Everyfishknows"]
[Result "1-0"]
[WhiteElo "2498"]
[BlackElo "2267"]
[TimeControl "180+2"]
[EndTime "16:50:14 PDT"]
[Termination "Gentlejimmy7 won by resignation"]

1. d4 Nf6 2. Nf3 e6 3. g3 d5 4. Bg2 Be7 5. O-O O-O 6. c4 c6 7.
Nbd2 Nbd7 8. b3 b6 9. Bb2 Bb7 10.
Ne5 c5 11. Nxd7 Qxd7 12. dxc5 Bxc5 13. Bxf6 gxf6 14. cxd5 Bxd5 15. Ne4 Be7 16. Nc3 Bc6 17. Qxd7 Bxd7 18. Bxa8 Rxa8 19. Rfd1 Bc6 20. Rac1 Kf8 21. Na4 Rc8 22. Rd4 Bb7 23. Rxc8+ Bxc8 24. Rc4 Bd7 25. Rc7 Bxa4 26. bxa4 a5 27. Kf1 f5 28. e3 Bc5 29.
Ke2 Kg7 30. Kd3 Kf6 31. Kc4 h5 32. Rxc5 bxc5 33. Kxc5 Ke5 34. Kb5 Ke4 35. Kxa5 Kf3 36. Kb4 Kxf2 37. a5 1-0

[Event "*** Titled Tuesday Blitz"]
[Site "Chess.com"]
[Date "2019.09.03"]
[Round "8"]
[White "saraswathii"]
[Black "FearNoEvil12"]
[Result "0-1"]
[WhiteElo "2253"]
[BlackElo "2013"]
[TimeControl "180+2"]
[EndTime "16:50:23 PDT"]
[Termination "FearNoEvil12 won by checkmate"]

1. e4 a6 2. d3 b5 3. Nf3 Bb7 4.
g3 e6 5. Bg2 Nf6 6. Nbd2 d6 7.
O-O Nbd7 8. Qe2 h5 9. e5 dxe5 10. Nxe5 Bxg2 11. Kxg2 h4 12. Ndf3 hxg3 13. fxg3 Nxe5 14.
Nxe5 Qd5+ 15. Nf3 Bd6 16. c4 Qb7 17. Bg5 Ng4 18. h3 Ne5 19. Rac1 f6 20. Bf4 bxc4 21. dxc4 Nxf3 22. Qxe6+ Kd8 23. Rxf3 Bxf4 24. Rd1+ Bd6 25. c5 Re8 26. Qb3 Re2+ 27. Kf1 Rxb2 28. Qxb7 Rxb7 29. cxd6 cxd6 30. Rxd6+ Ke7 31. Rfd3 a5 32. R6d4 Rc8 33. Re3+ Kf7 34. Rd5 Rc2 35. Rxa5 Rb1+ 36. Re1 Rbb2 37. a4 Kg6 38. Re3 Rf2+ 39. Ke1 Rh2 40. Rb5 Rh1# 0-1